 Dungeon Crawl Stone Soup version 0.22-a0-396-g3f858e3 (webtiles) character file.

772 Borgoz the Chopper (level 7, 0/61 HPs)
             Began as a Minotaur Gladiator on May 3, 2018.
             Slain by a wight
             ... wielding a +2 dire flail of protection
              (3 damage)
             ... on level 5 of the Dungeon.
             The game lasted 00:06:46 (4236 turns).

Borgoz the Chopper (Minotaur Gladiator)             Turns: 4236, Time: 00:06:47

Health: 0/61       AC:  4    Str: 18    XL:     7   Next: 53%
Magic:  6/6        EV: 14    Int:  5    God:
Gold:   250        SH:  0    Dex: 14    Spells: 6/6 levels left

rFire    . . .     SeeInvis .   b - +2 hand axe (chop)
rCold    + . .     Gourm    .   (no shield)
rNeg     . . .     Faith    .   w - +1 leather armour {rPois}
rPois    +         Spirit   .   c - +0 hat
rElec    .         Reflect  .   (no cloak)
rCorr    .         Harm     .   (no gloves)
MR       .....                  (no boots)
Stlth    +.........             (no amulet)
HPRegen  0.20/turn              o - ring of protection from cold
MPRegen  0.10/turn              (no ring)

@: confused, heavily drained
A: retaliatory headbutt, horns 2
a: no special abilities


You were on level 5 of the Dungeon.
You were hungry.

You visited 1 branch of the dungeon, and saw 5 of its levels.

You collected 250 gold pieces.

Inventory:

Hand Weapons
 a - a +2 flail of crushing
 b - a +2 hand axe of chopping (weapon)
Missiles
 d - 3 throwing nets (quivered)
Armour
 c - a +0 hat (worn)
 w - a +1 leather armour of poison resistance (worn)
Jewellery
 o - a ring of protection from cold (left hand)
Wands
 g - a wand of paralysis (15)
 m - a wand of digging (26)
Scrolls
 i - 2 scrolls of remove curse {unknown}
 j - a scroll of immolation {unknown}
 k - a scroll of fog {unknown}
 p - a scroll of teleportation {unknown}
 s - 2 scrolls of random uselessness
Potions
 e - 2 potions of cancellation
 q - a potion of resistance
 r - a potion of curing
 t - a potion of mutation
 u - a potion of haste
Comestibles
 f - 10 rations
 h - a chunk of flesh


   Skills:
 + Level 5.5(4.2) Fighting
 + Level 6.2(4.8) Axes
 - Level 2.0(0.8) Throwing
 + Level 4.8(3.5) Armour
 + Level 5.6(4.3) Dodging


You had 6 spell levels left.
You didn't know any spells.

Dungeon Overview and Level Annotations

Branches:
Dungeon (5/15)             Temple (0/1) D:4

Altars:

Shops:
D:4 (

Annotations:
D:4 Pikel


Innate Abilities, Weirdness & Mutations

You reflexively headbutt those who attack you in melee.
You have a pair of horns on your head.


Message History

The wight closely misses you.
The wight hits you from afar with a trident!
You feel drained.
* * * LOW HITPOINT WARNING * * *
You hit the wight but do no damage.
The wight is moderately damaged.
The wight hits you but does no damage. x2
You hit the wight but do no damage. You headbutt the wight.
The wight is heavily damaged.
The wight hits you with a dire flail of protection.
* * * LOW HITPOINT WARNING * * *
The wight hits you from afar with a trident!
* * * LOW HITPOINT WARNING * * *
Some of the chunks of flesh in your inventory have rotted away.
You are confused.
You feel invigorated.
The wight hits you with a dire flail of protection!
* * * LOW HITPOINT WARNING * * *
You feel drained.
You die...

#.. #.. #.. #######.. .
#############..#..... ..
#....#.........#..... ...
#....'.........#.....
....#+##@###..##.###.....
#.....#z###+###.#####...
#....z#zz.#.........'...
#.....'l..#.........#...
#...!.#..(#.........#...
#.....#######...##..#...
....... ######..#...
........ .... ...#...
......... ....#...#...


You could see an iguana and 3 wights.

Vanquished Creatures
  A slave (D:3)
  A centaur (D:5)
  Blork the orc (D:5)
  2 wights (D:5)
  The ghost of Pikaro the Chiller, a weakling BaIE (D:3)
  A howler monkey (D:4)
  3 orc priests (D:3)
  A hound (D:4)
  A centaur skeleton (D:4)
  Jessica (D:2)
  Ijyb (D:4)
  Terence (D:3)
  2 orc wizards (D:3)
  2 worker ants
  A hound skeleton (D:4)
  4 adders
  2 oozes
  A worm (D:2)
  2 dart slugs
  A leopard gecko (D:1)
  14 orcs
  7 bats
  3 giant cockroaches
  12 goblins
  7 hobgoblins
  5 jackals
  10 kobolds
  A quokka (D:3)
  A frilled lizard (D:1)
  A jackal skeleton (D:4)
  12 rats
103 creatures vanquished.

Notes
Turn   | Place    | Note
-------+----------+-------------------------------------------
     0 | D:1      | Borgoz the Minotaur Gladiator began the quest for the Orb.
     0 | D:1      | Reached XP level 1. HP: 18/18 MP: 0/0
    87 | D:1      | Reached XP level 2. HP: 25/25 MP: 1/1
   122 | D:1      | Reached skill level 1 in Armour
   180 | D:1      | Reached skill level 4 in Axes
   571 | D:1      | Reached XP level 3. HP: 31/31 MP: 2/2
   939 | D:2      | Noticed Jessica
   942 | D:2      | Killed Jessica
   942 | D:2      | Reached XP level 4. HP: 33/38 MP: 3/3
  2010 | D:3      | Noticed Terence
  2011 | D:3      | Noticed Pikaro's ghost (weakling BaIE)
  2028 | D:3      | HP: 1/38 [Pikaro's ghost (1)]
  2030 | D:3      | Killed Pikaro's ghost
  2030 | D:3      | Reached XP level 5. HP: 9/46 MP: 4/4
  2031 | D:3      | Killed Terence
  2342 | D:3      | Found a faded altar of an unknown god.
  2427 | D:3      | Reached skill level 5 in Axes
  2749 | D:3      | Reached XP level 6. HP: 50/53 MP: 5/5
  3252 | D:4      | Found Illupp's Antique Weapon Boutique.
  3255 | D:4      | Noticed Ijyb
  3265 | D:4      | Killed Ijyb
  3321 | D:4      | Reached skill level 5 in Dodging
  3328 | D:4      | Found a staircase to the Ecumenical Temple.
  3452 | D:4      | Reached skill level 5 in Fighting
  3452 | D:4      | Reached XP level 7. HP: 43/61 MP: 6/6
  3628 | D:4      | Noticed Pikel
  3980 | D:5      | Entered Level 5 of the Dungeon
  4023 | D:5      | Noticed Blork the orc
  4034 | D:5      | Killed Blork the orc
  4219 | D:5      | Reached skill level 6 in Axes
  4236 | D:5      | HP: 3/61 [wight/dire flail of protection (7)]
  4236 | D:5      | Slain by a wight

Vault maps used:
D:1:      nicolae_arrival_washed_ashore
D:2:      uniq_jessica
D:3:      chequers_ecumenical_altar_twisty, first_ration, st_stairs_12,
          minmay_misc_feat_ornament, uniq_terence
D:4:      minmay_opposing_rooms, minmay_temple_entry_glassed_door, serial_shops,
          shop, uniq_pikel, uniq_ijyb
D:5:      serial_undead, serial_undead_c, serial_undead_d, serial_undead_b,
          serial_undead_c, kennysheep_generic_room_6, uniq_grinder,
          uniq_blork_the_orc

Skill      XL: |  1  2  3  4  5  6  7 |
---------------+----------------------+-----
Armour         | 1 2 3 4 |  4.8
Axes           | 4 5 6 |  6.2
Fighting       | 3 4 5 |  5.5
Dodging        | 4 5 |  5.6
Throwing       | |  2.0

Action                   |  1- 3 |  4- 6 |  7- 9 || total
-------------------------+-------+-------+-------++-------
Melee: War axe           |    51 |   119 |       ||   170
       Headbutt          |     8 |    13 |     9 ||    30
       Hand axe          |       |    11 |    39 ||    50
  Use: Potion            |       |     5 |     1 ||     6
       Scroll            |       |       |     4 ||     4
 Stab: Sleeping          |     1 |       |       ||     1
  Eat: Chunk             |       |     8 |     2 ||    10
Armor: Leather armour    |    12 |    16 |     3 ||    31
Dodge: Dodged            |    33 |    97 |    34 ||   164

Table legend:
 A = Spawn XP
 B = Non-spawn XP
 C = Spawn XP percentage of total XP
 D = Spawn monster count
 E = Non-spawn monster count
 F = Spawn count percentage of total count
 G = Total turns spent on level
                    A         B        C        D         E        F      G
               +---------+---------+-------+---------+---------+-------+---------
         Total |       0 |    1104 |   0.0 |       0 |     102 |   0.0 |  4236
               +---------+---------+-------+---------+---------+-------+---------
           D:1 |       0 |      44 |   0.0 |       0 |      22 |   0.0 |   725
           D:2 |       0 |      78 |   0.0 |       0 |      22 |   0.0 |  1131
           D:3 |       0 |     376 |   0.0 |       0 |      40 |   0.0 |  1573
           D:4 |       0 |     255 |   0.0 |       0 |      13 |   0.0 |   551
           D:5 |       0 |     351 |   0.0 |       0 |       5 |   0.0 |   256
               +---------+---------+-------+---------+---------+-------+---------
